 Dungeon Crawl Stone Soup version 0.26.0-7-g794d0892b4 (webtiles) character file.

Game seed: 125770625774482964

896 EnegeticOcto the Poker (level 8, 0/51 HPs)
             Began as a Tengu Abyssal Knight on Jan 11, 2021.
             Was a Believer of Lugonu.
             Succumbed to a water moccasin's poison
             ... on level 6 of the Dungeon.
             The game lasted 00:05:35 (6138 turns).

EnegeticOcto the Poker (Tengu Abyssal Knight)       Turns: 6138, Time: 00:05:37

Health: 0/51       AC:  9    Str: 14    XL:     8   Next: 7%
Magic:  10/10      EV:  6    Int: 14    God:    Lugonu [**....]
Gold:   309        SH:  3    Dex: 13    Spells: 7/7 levels left

rFire    . . .     SeeInvis .   a - +2 spear
rCold    . . .     Faith    .   g - +0 buckler
rNeg     . . .     Spirit   .   p - +0 chain mail
rPois    .         Reflect  .   (helmet restricted)
rElec    .         Harm     .   r - +0 cloak
rCorr    .         Rampage  .   (no gloves)
Will     .....                  (boots unavailable)
Stlth    ..........             (no amulet)
HPRegen  0.17/turn              (no ring)
MPRegen  0.12/turn              (no ring)

@: lethally poisoned (0 -> -12), flying quickly and evasively, quick
A: beak, talons 3, able to fly
a: Stop Flying, Renounce Religion, Depart the Abyss, Bend Space


You were on level 6 of the Dungeon.
You worshipped Lugonu.
Lugonu was pleased with you.
You visited 1 branch of the dungeon, and saw 6 of its levels.
You visited the Abyss 1 time.

You collected 309 gold pieces.

Inventory:

Hand Weapons
 a - a +2 spear (weapon)
Missiles
 n - 14 poisoned darts (quivered)
Armour
 g - a +0 buckler (worn)
   (You found it on level 1 of the Dungeon)
 p - a +0 chain mail (worn)
   (You took it off an orc on level 4 of the Dungeon)
 r - a +0 cloak (worn)
   (You found it on level 4 of the Dungeon)
Wands
 m - a wand of paralysis (12)
   (You found it on level 3 of the Dungeon)
Scrolls
 c - a scroll of remove curse {@r2@r2}
 e - a scroll of magic mapping {@r5 !r@r5 !r}
 f - 2 scrolls of enchant weapon
 i - 2 scrolls of teleportation {@r3 !r@r3 !r}
 l - 2 scrolls of identify {@r1@r1}
 o - a scroll of blinking {@r4@r4}
Potions
 j - a potion of magic
 k - a potion of flight
 q - a potion of attraction


   Skills:
 + Level 5.7 Fighting
 - Level 6.7 Polearms
 - Level 2.1 Armour
 - Level 1.1 Dodging
 - Level 3.0 Stealth
 - Level 1.5 Invocations
 - Level 3.1 Evocations


You had 7 spell levels left.
You didn't know any spells.
Your spell library was empty.

Dungeon Overview and Level Annotations

Branches:
Dungeon (6/15)
 Temple: D:4-7

Altars:
Fedhas

Annotations:
D:5 2 transporters


Innate Abilities, Weirdness & Mutations

You have a beak for a mouth.
You have claws for feet.
You can fly continuously.


Message History

There is a shaft here.
There is a stone staircase leading down here.
You fly downwards.
Found 33 stones.
There is a stone staircase leading up here.
A water moccasin comes into view.
The water moccasin hisses angrily.
Found a flail.
You reach to attack!
You miss the water moccasin.
A worker ant comes into view.
You closely miss the water moccasin. You claw the water moccasin.
Your peck misses the water moccasin.
The water moccasin is lightly wounded.
The water moccasin barely misses you.
You hit the water moccasin. Your kick misses the water moccasin.
The water moccasin is lightly wounded.
The water moccasin bites you.
You are poisoned.
The water moccasin poisons you!
The water moccasin bites you but does no damage.
You closely miss the water moccasin. You peck the water moccasin.
The water moccasin is moderately wounded.
You feel sick. The water moccasin bites you!
You hit the water moccasin. Your kick misses the water moccasin.
The water moccasin is moderately wounded.
You feel sick.
The water moccasin bites you but does no damage.
You barely miss the water moccasin. Your kick misses the water moccasin.
Your peck misses the water moccasin.
The water moccasin is moderately wounded.
You feel sick. The water moccasin bites you.
You are more poisoned.
The water moccasin poisons you!
You are too injured to fight recklessly!
You are too injured to fight recklessly!
You are too injured to fight recklessly!
You are too injured to fight recklessly!
You are too injured to fight recklessly!
You feel sick. The water moccasin bites you.
You are lethally poisoned!
The water moccasin poisons you!
You feel very sick.
There is a stone staircase leading up here.
You feel sick.
The water moccasin bites you but does no damage.
You fly upwards.
Level annotation: 2 transporters You feel very sick.
There is a stone staircase leading down here.
You feel magically purged.
You feel sick. You block the water moccasin's attack.
The water moccasin bites you but does no damage.
Your magic is already full.
Okay, then.
Okay, then.
Evoke which item? (* to show all) (? for menu, Esc to quit)
Aiming: Paralyse
Press: ? - help, Shift-Dir - straight line, f - water moccasin
Aim: a water moccasin (moderately wounded, chance to affect: 55%)
The water moccasin suddenly stops moving!
* * * LOW HITPOINT WARNING * * *
You feel sick.
The helpless water moccasin fails to defend itself.
You hit the water moccasin.
The water moccasin is moderately wounded.
* * * LOW HITPOINT WARNING * * *
You feel sick.
The helpless water moccasin fails to defend itself.
You hit the water moccasin.
The water moccasin is heavily wounded.
* * * LOW HITPOINT WARNING * * *
You feel sick.
The helpless water moccasin fails to defend itself.
You puncture the water moccasin! You claw the water moccasin.
You kill the water moccasin!
Lugonu accepts your kill.
* * * LOW HITPOINT WARNING * * *
You feel sick.
You have reached level 8!
You feel clever.
There is a lethal amount of poison in your body!
Okay, then.
* * * LOW HITPOINT WARNING * * *
You feel sick.
You fly downwards.
* * * LOW HITPOINT WARNING * * *
You feel sick.
The worker ant bites you but does no damage.
The worker ant bites you.
* * * LOW HITPOINT WARNING * * *
There is a stone staircase leading up here.
You hit the worker ant but do no damage.
You claw the worker ant.
The worker ant is moderately wounded.
* * * LOW HITPOINT WARNING * * *
You feel sick. The worker ant barely misses you.
You hit the worker ant but do no damage.
Your peck misses the worker ant.
The worker ant is moderately wounded.
You die...

.....#..#
##.......# #
........#
#.#.......# # #
#.........#.# .#
#.........#.#...
..(#...B........
#.....@.....####
................)
##........#.#..#
#..#..#....# #.
##......... ..
+.........# #
#........##
#..........
#...........


You could see a worker ant.

Vanquished Creatures
  A water moccasin (D:5)
  2 phantoms (D:5)
  An ice beast (D:5)
  A centaur (D:5)
  Blork the orc (D:4)
  A scorpion (D:4)
  A jelly (D:5)
  An iguana (D:5)
  2 worker ants
  An orc wizard (D:3)
  8 adders
  An ooze (D:2)
  5 worms
  A dart slug (D:4)
  5 leopard geckos
  10 orcs (D:4)
  A ball python (D:1)
  5 giant cockroaches
  8 goblins
  6 hobgoblins
  5 jackals
  8 kobolds
  A quokka (D:2)
  5 bats
  6 frilled lizards
  A giant cockroach zombie (D:5)
  4 rats
92 creatures vanquished.

Notes
Turn   | Place    | Note
-------+----------+-------------------------------------------
     0 | Abyss:1  | EnegeticOcto the Tengu Abyssal Knight began the quest for
                  | the Orb.
     0 | Abyss:1  | Reached XP level 1. HP: 14/14 MP: 3/3
    10 | D:1      | Escaped the Abyss
   103 | D:1      | Reached skill level 1 in Stealth
   266 | D:1      | Reached XP level 2. HP: 18/19 MP: 4/4
   299 | D:1      | Reached skill level 2 in Stealth
   587 | D:1      | Reached * piety under Lugonu
   801 | D:1      | Reached XP level 3. HP: 23/23 MP: 5/5
   884 | D:1      | Reached skill level 3 in Stealth
  1923 | D:2      | Reached skill level 3 in Polearms
  1923 | D:2      | Reached XP level 4. HP: 28/28 MP: 6/6
  2538 | D:2      | HP: 1/28 [poisoned by an adder]
  2945 | D:3      | Gained mutation: You can fly continuously. [Tengu growth]
  2945 | D:3      | Reached XP level 5. HP: 19/32 MP: 7/7
  3132 | D:3      | Reached skill level 4 in Polearms
  3178 | D:3      | Reached ** piety under Lugonu
  3400 | D:3      | You are sucked into a shaft and drop 1 floor!
  4317 | D:4      | Noticed Blork the orc
  4331 | D:4      | Killed Blork the orc
  4332 | D:4      | Reached skill level 4 in Fighting
  4332 | D:4      | Reached skill level 1 in Evocations
  4332 | D:4      | Reached XP level 6. HP: 38/38 MP: 8/8
  4442 | D:4      | Reached skill level 5 in Polearms
  4687 | D:5      | Entered Level 5 of the Dungeon
  4689 | D:5      | Noticed a phantom
  4716 | D:5      | Killed a phantom
  4717 | D:5      | Reached skill level 2 in Evocations
  5042 | D:5      | Reached XP level 7. HP: 37/44 MP: 9/9
  5184 | D:5      | Reached skill level 6 in Polearms
  5605 | D:5      | Reached skill level 3 in Evocations
  5670 | D:5      | Found a transporter.
  5672 | D:5      | Found a transporter.
  5683 | D:5      | Noticed a basilisk
  5690 | D:5      | Found a blossoming altar of Fedhas.
  5794 | D:5      | Reached skill level 5 in Fighting
  6135 | D:5      | Reached XP level 8. HP: 10/51 MP: 10/10
  6136 | D:6      | HP: 2/51 [worker ant (4)]
  6138 | D:6      | Succumbed to a water moccasin's poison

Illustrated notes

Levels and vault maps discovered:
D:1:      shiori_arrival_elements, layout_loops_ring
D:2:      layout_loops_corners, minmay_crystal_room
D:3:      layout_basic
D:4:      layout_basic, minmay_box_of_dots, uniq_blork_the_orc
D:5:      layout_basic, gammafunk_temple_overflow_arena
D:6:      layout_basic, minmay_temple_entry_mist, cheibrodos_ashenzari_chains

Skill      XL: |  1  2  3  4  5  6  7 |
---------------+----------------------+-----
Stealth        | 1 2 3 |  3.0
Polearms       | 3 4 5 6 |  6.7
Fighting       | 4 5 |  5.7
Evocations     | 1 2 3 |  3.1
Armour         | |  2.1
Dodging        | |  1.1
Invocations    | |  1.5

Action                   |  1- 3 |  4- 6 |  7- 9 || total
-------------------------+-------+-------+-------++-------
Melee: Spear             |   117 |   158 |    91 ||   366
       Kick              |    14 |    28 |    18 ||    60
       Peck              |    10 |    26 |     8 ||    44
Throw: Dart              |       |     6 |     2 ||     8
Invok: Depart the Abyss  |     1 |       |       ||     1
 Abil: Fly               |       |     1 |       ||     1
Evoke: Wand              |       |       |     1 ||     1
  Use: Scroll            |       |    10 |       ||    10
       Potion            |       |       |     1 ||     1
 Stab: Sleeping          |     5 |     2 |       ||     7
       Paralysed         |       |       |     3 ||     3
Armor: Leather armour    |    19 |     9 |       ||    28
       Chain mail        |       |    20 |    22 ||    42
Dodge: Dodged            |    38 |    43 |    19 ||   100
Block: Buckler           |     7 |    12 |    12 ||    31
